 Dungeon Crawl Stone Soup version 0.32-a0-540-g866d13106e (webtiles) character file.

Game seed: 13882978206982786239

968 lunkers the Cleaver (level 8, -6/40 (56) HPs)
             Began as a Coglin Gladiator on Feb 28, 2024.
             Killed from afar by Dowan (11 damage)
             ... with a stone arrow
             ... on level 5 of the Dungeon.
             The game lasted 00:05:22 (3617 turns).

lunkers the Cleaver (Coglin Gladiator)              Turns: 3617, Time: 00:05:22

HP:   -6/40 (56)    AC: 11    Str: 16    XL:     8   Next: 15%
MP:   8/8           EV: 11    Int: 10    God:
Gold: 176           SH:  0    Dex: 17    Spells: 7/7 levels left

rFire   . . .        a - +0 war axe {Ferran}
rCold   . . .        B - +0 hand axe {Anan}
rNeg    . . .        o - +4 ring mail of Xayggaumyo {Int+3}
rPois   .            c - +0 helmet
rElec   .            C - scarf {repulsion}
rCorr   .            (no gloves)
SInv    .            q - +0 pair of boots
Will    .....        (no amulet)
Stlth   +            (ring unavailable)
HPRegen 0.26/turn    (ring unavailable)
MPRegen 0.11/turn

%: repel missiles
@: very heavily drained, revving
A: off-hand wielding, slow wielding, warmup strikes, no rings
a: no special abilities


You were on level 5 of the Dungeon.
You visited 1 branch of the dungeon, and saw 5 of its levels.

You collected 176 gold pieces.

Inventory:

Hand Weapons
 a - a +0 war axe (weapon) {Ferran}
 r - a +0 mace {Amyrtaeus}
 v - a +0 flail {Suni}
 B - a +0 hand axe (offhand) {Anan}
Missiles
 d - 3 throwing nets
 e - a javelin
 w - 5 curare-tipped darts
Armour
 c - a +0 helmet (worn)
 o - the +4 ring mail of Xayggaumyo (worn) {Int+3}
   (You found it on level 2 of the Dungeon)

   Int+3:     It affects your intelligence (+3).
 q - a +0 pair of boots (worn)
 C - a scarf of repulsion (worn)
Scrolls
 g - a scroll of blinking {unknown}
 i - 2 scrolls of vulnerability {unknown}
 j - a scroll of fear {unknown}
 l - a scroll of identify
 m - 2 scrolls of immolation {unknown}
 n - a scroll of brand weapon {unknown}
 p - a scroll of acquirement {unknown}
 s - a scroll of torment {unknown}
 x - a scroll of enchant weapon {unknown}
 y - 3 scrolls of fog {unknown}
 A - 2 scrolls of teleportation
 E - a scroll of poison {unknown}
Potions
 b - a potion of berserk rage {unknown}
 f - a potion of haste {unknown}
 h - 2 potions of enlightenment
 k - a potion of curing {unknown}
 t - a potion of lignification {unknown}
 u - 2 potions of brilliance
 z - 2 potions of heal wounds
 D - a potion of mutation {unknown}


   Skills:
 - Level 2.0 Fighting
 + Level 9.7 Axes
 - Level 1.7 Throwing
 - Level 2.6 Dodging


You had 7 spell levels left.
You didn't know any spells.
Your spell library contained the following spells:

 Spells                   Type           Power      Damage    Failure   Level
 Blink                    Tloc           0%         N/A       73%         2
 Lesser Beckoning         Tloc           0%         N/A       73%         2
 Momentum Strike          Conj/Tloc      0%         3d8       73%         2
 Stone Arrow              Conj/Erth      0%         3d7       91%         3
 Animate Armour           Summ/Erth      0%         N/A       100%        4
 Lehudib's Crystal Spear  Conj/Erth      0%         10d2      100%        8


Dungeon Overview and Level Annotations

Branches:
Dungeon (5/15)
 Temple: D:4-7

Altars:

Shops:
D:1 :

Portals:
Abyss: D:4

Annotations:
D:4 2 transporters, dogverified's ghost, amateur KoHu
D:5 Dowan


Innate Abilities, Weirdness & Mutations

You can wield a second weapon in your off-hand.
It takes a long time for you to wield or remove held weapons.
Your first few attacks do less damage.
Your grasper-arms cannot wear rings.


Message History

Unknown command.
Dowan casts a spell at you.
The shard of ice is repelled.
Things that are here:
a +1 short sword of draining; a +0 chain mail; the elf corpse of Duvessa Dowan zaps a wand.
The puff of flame hits you.
* * * LOW HITPOINT WARNING * * *
Dowan zaps a wand.
The puff of flame is repelled.
You slash Dowan with your +0 war axe!
Dowan is severely wounded.
You hit Dowan but do no damage. Dowan hits you but does no damage.
Unknown command.
You barely miss Dowan with your +0 hand axe.
Dowan is severely wounded.
You closely miss Dowan with your +0 war axe.
Dowan hits you with a +0 dagger.
* * * LOW HITPOINT WARNING * * *
Dowan says, "Magic will overcome all!"
Dowan hits you but does no damage.
You closely miss Dowan with your +0 hand axe.
Dowan is severely wounded.
You closely miss Dowan with your +0 war axe.
Dowan closely misses you.
Unknown command.
You closely miss Dowan with your +0 war axe.
Dowan is severely wounded.
You barely miss Dowan with your +0 hand axe.
Dowan misses you.
You barely miss Dowan with your +0 war axe.
Dowan is severely wounded.
You hit Dowan with your +0 hand axe.
Dowan mumbles some strange words.
Dowan blinks!
Dowan zaps a wand.
The puff of flame hits you but does no damage.
Dowan zaps a wand.
The puff of flame is repelled.
Dowan gestures wildly while chanting.
Dowan blinks!
Dowan gestures at you while chanting. The stone arrow hits you!
You die...

##.###.###.. #. #.# #.# .# ###
#.# #.##. .# #.# .# #..# #.##.#.#
##+## .##### ##...##.# ...
##...##...... #.....#.# #.###
##.....####### ...e....###.#.##
##.......## ##
...............####.........####.
..............).@.'.........+....
......####.....####e........####.
##... #)##.## ##.......## ## ##.
#.#### ##.....## # .. #.# ##...##
# .# #.# ##'## # #.# #.# # #.#
#.# # #.# #######.#########


You could see Dowan (fast).

Vanquished Creatures
  Sigmund (D:4)
  Menkaure (D:4)
  Duvessa (D:5)
  2 black bears
  An ogre (D:5)
  A bombardier beetle (D:4)
  2 jellies (D:4)
  An iguana (D:4)
  Natasha (thrice) (D:3)
  An orc wizard (D:5)
  3 adders
  A dart slug (D:1)
  4 ribbon worms
  8 orcs
  4 endoplasms
  3 giant cockroaches
  A goblin (D:1)
  7 hobgoblins
  13 jackals
  2 quokkas
  4 ball pythons
  7 bats
  5 frilled lizards
  4 kobolds
  3 rats (D:1)
83 creatures vanquished.

Notes
Turn   | Place    | Note
-------+----------+-------------------------------------------
     0 | D:1      | lunkers the Coglin Gladiator began the quest for the Orb.
     0 | D:1      | Reached XP level 1. HP: 16/16 MP: 1/1
   135 | D:1      | Reached XP level 2. HP: 18/22 MP: 2/2
   243 | D:1      | Found Liagezunn's Book Boutique.
   389 | D:1      | Reached skill level 4 in Axes
   558 | D:1      | Reached XP level 3. HP: 26/27 MP: 3/3
   651 | D:2      | Identified the +4 ring mail of Xayggaumyo {Int+3}
  1445 | D:3      | Reached XP level 4. HP: 31/33 MP: 4/4
  1617 | D:3      | Noticed Natasha
  1623 | D:3      | Killed Natasha
  1624 | D:3      | Reached skill level 5 in Axes
  1837 | D:3      | Noticed Natasha
  1843 | D:3      | Killed Natasha
  1844 | D:3      | Reached XP level 5. HP: 29/38 MP: 5/5
  2106 | D:3      | Noticed Natasha
  2112 | D:3      | Killed Natasha
  2270 | D:4      | Reached skill level 6 in Axes
  2402 | D:4      | Found a transporter.
  2405 | D:4      | Found a transporter.
  2405 | D:4      | Found a one-way gate to the infinite horrors of the Abyss.
  2405 | D:4      | Noticed a kobold brigand
  2405 | D:4      | Noticed dogverified's ghost (amateur KoHu)
  2457 | D:4      | Noticed Sigmund
  2466 | D:4      | Killed Sigmund
  2467 | D:4      | Reached skill level 7 in Axes
  2467 | D:4      | Reached XP level 6. HP: 38/44 MP: 6/6
  2652 | D:4      | Reached XP level 7. HP: 29/50 MP: 7/7
  2875 | D:4      | Noticed Menkaure
  2881 | D:4      | Killed Menkaure
  2882 | D:4      | Reached skill level 8 in Axes
  3183 | D:5      | Entered Level 5 of the Dungeon
  3439 | D:5      | Reached skill level 9 in Axes
  3441 | D:5      | Reached XP level 8. HP: 46/56 MP: 8/8
  3577 | D:5      | Noticed Duvessa
  3577 | D:5      | Noticed Dowan
  3604 | D:5      | Killed Duvessa
  3617 | D:5      | Killed from afar by Dowan

Illustrated notes

Levels and vault maps discovered:
D:1:      dpeg_arrival_boxorama, layout_rooms, serial_shops, shop
D:2:      layout_loops_cross
D:3:      layout_basic, corexii_hall_statues_u, uniq_natasha
D:4:      layout_loops_ring, gammafunk_ghost_abyssal_escape, uniq_sigmund,
          uniq_menkaure
D:5:      layout_loops_corners, uniq_duvessa

Skill      XL: |  1  2  3  4  5  6  7 |
---------------+----------------------+-----
Axes           | 4 5 7 9 |  9.7
Fighting       | |  2.0
Throwing       | |  1.7
Dodging        | |  2.6

Action                     |  1- 3 |  4- 6 |  7- 9 || total
---------------------------+-------+-------+-------++-------
  Melee: War axe           |   110 |    62 |    51 ||   223
         Mace              |    23 |       |       ||    23
         Flail             |     3 |    45 |       ||    48
         Hand axe          |       |    18 |    47 ||    65
    Use: Scroll            |       |       |     3 ||     3
 Armour: Scale mail        |    64 |       |       ||    64
         Leather armour    |     1 |       |       ||     1
         Ring mail         |    16 |    42 |    42 ||   100
  Dodge: Dodged            |    78 |    25 |    22 ||   125
         Repelled          |       |       |     3 ||     3

Table legend: (Time is in decaauts)
 A = Elapsed time spent in this place.
 B = Non-inter-level travel time spent in this place.
 C = Inter-level travel time spent in this place.
 D = Time resting spent in this place.
 E = Time spent auto-exploring this place.
 F = Levels seen in this place.
 G = Mean time per level.
                   A        B        C        D        E       F      G
               +--------+--------+--------+--------+--------+-----+--------+
         Total |   3659 |   3545 |    114 |      0 |   2883 |   5 |  731.8 |
       Dungeon |   3659 |   3545 |    114 |      0 |   2883 |   5 |  731.8 |
               +--------+--------+--------+--------+--------+-----+--------+

Top non-repeatable levels by time:
     D:4: 932 daAuts
     D:3: 859 daAuts
     D:2: 764 daAuts
     D:1: 671 daAuts
     D:5: 431 daAuts
